 Dungeon Crawl Stone Soup version 0.27.1-4-g1640c2035a (webtiles) character file.

Game seed: 9589833832584562125

2219 Stomo444 the Skirmisher (level 9, -1/66 (70) HPs)
             Began as a Demonspawn Gladiator on Nov 16, 2021.
             Was an Initiate of Okawaru.
             Slain by Psyche (7 damage)
             ... on level 8 of the Dungeon.
             The game lasted 00:14:31 (7185 turns).

Stomo444 the Skirmisher (Demonspawn Gladiator)      Turns: 7185, Time: 00:14:32

HP:   -1/66 (70)    AC: 10    Str: 17    XL:     9   Next: 13%
MP:   9/9           EV: 12    Int:  9    God:    Okawaru [......]
Gold: 273           SH:  0    Dex: 16    Spells: 8/8 levels left

rFire    . . .     SeeInvis .   u - +2 flail
rCold    . . .     Faith    .   (no shield)
rNeg     . . .     Spirit   .   l - +0 scale mail
rPois    .         Reflect  .   (helmet restricted)
rElec    .         Harm     .   f - +2 cloak
rCorr    .         Rampage  .   (no gloves)
Will     .....                  (no boots)
Stlth    ..........             (no amulet)
HPRegen  3.21/turn              (no ring)
MPRegen  0.11/turn              (no ring)

@: mighty, brilliant, hasted, drained, very quick
A: hooves 2, icemail 1, powered by death 2, condensation shield, antennae 1,
mutation resistance 1, wild magic 1
a: Renounce Religion


You were on level 8 of the Dungeon.
You worshipped Okawaru.
Okawaru was noncommittal.
You visited 2 branches of the dungeon, and saw 9 of its levels.

You collected 273 gold pieces.

Inventory:

Hand Weapons
 a - a +0 flail
 u - a +2 flail (weapon)
Missiles
 d - 3 throwing nets
 i - 217 stones (quivered)
Armour
 b - a +0 leather armour
 c - a +0 helmet
 e - a +2 helmet
 f - a +2 cloak (worn)
 l - a +0 scale mail (worn)
 v - a +2 cloak
Wands
 j - a wand of paralysis (9)
 p - a wand of mindburst (18)
Scrolls
 k - a scroll of magic mapping
 r - a scroll of amnesia
 w - a scroll of identify
Potions
 g - a potion of attraction
 h - a potion of haste
 q - a potion of flight
 s - a potion of curing
 t - 2 potions of degeneration


   Skills:
 + Level 6.3 Fighting
 + Level 6.1 Maces & Flails
 - Level 1.7 Throwing
 + Level 5.3 Armour
 + Level 6.2 Dodging


You had 8 spell levels left.
You didn't know any spells.
Your spell library was empty.

Dungeon Overview and Level Annotations

Branches:
Dungeon (8/15)             Temple (1/1) D:7
   Lair: D:8-11

Altars:
Ashenzari
Cheibriados
Dithmenos
Elyvilon
Fedhas
Gozag
Hepliaklqana
Kikubaaqudgha
Makhleb
Nemelex Xobeh
Okawaru
Qazlal
Ru
Sif Muna
Trog
Uskayaw
Vehumet
Wu Jian
Xom
Yredelemnul
Zin
The Shining One

Shops:
D:3 =   D:4 !

Annotations:
D:8 Gastronok, Psyche


Innate Abilities, Weirdness & Mutations

You have hoof-like feet.
A meltable icy envelope protects you from harm. (AC +0)
You regenerate health from kills.
A meltable shield of frost defends you. (SH +0)
You have a pair of small antennae on your head.
You are somewhat resistant to further mutation.
Your spells are a little harder to cast, but a little more powerful.


Message History

The wight is heavily damaged.
The orc misses you. The wight hits you but does no damage.
The wight closely misses you. The wight barely misses you.
The wight closely misses you.
Unknown command.
You sock the wight!
You destroy the wight!
Okawaru accepts your kill. Something hits you.
The orc hits you but does no damage. The wight barely misses you.
Something hits you.
Your icy defenses dissipate!
Something burns you.
Unknown command.
You closely miss the orc. The wight barely misses you.
The wight closely misses you.
The wight hits you with a +0 long sword!
You feel drained. Something hits you but does no damage.
You are poisoned.
You sock the orc!
You kill the orc!
Okawaru accepts your kill.
You feel sick. The wight barely misses you.
The wight hits you with a +0 short sword.
* * * LOW HITPOINT WARNING * * *
You feel drained.
Gastronok gurgles, "You're how I like my food.
Fast!"
Gastronok waves his eye-stalks in wide circles.
The air twists around and strikes you!!
* * * LOW HITPOINT WARNING * * *
You feel better. Something hits you.
* * * LOW HITPOINT WARNING * * *
Something tries to affect you, but you resist.
The orc closely misses you. The wight hits you but does no damage.
The wight hits you with a +0 short sword.
* * * LOW HITPOINT WARNING * * *
The wight closely misses you.
You closely miss the orc. Something hits you.
* * * LOW HITPOINT WARNING * * *
You convulse!
You die...

#.........##.
............
............
######. ..........
#...... .........
#.....####........
#.....##o†<.......
#...w{zoo#....o...
#....z@zo......>..
#.....#####.......
#.....# (......
#.....# .......
####### .......
..../..


You could see Gastronok, 3 wights, an orc priest and 3 orcs.

Vanquished Creatures
  2 centaur zombies (D:6)
  A steam dragon (D:6)
  2 orc warriors (D:6)
  An ice beast (D:7)
  4 black bears
  An ogre (D:4)
  A phantom (D:6)
  A gnoll sergeant (D:4)
  A bullfrog (D:7)
  2 killer bees (D:8)
  8 wights
  A hound (D:4)
  An orc priest (D:5)
  3 jellies
  An iguana (D:6)
  An orc wizard (D:7)
  2 howler monkey zombies
  A howler monkey skeleton (D:5)
  10 gnolls
  3 adders
  A white imp (D:3)
  An ufetubus (D:4)
  An adder skeleton (D:4)
  3 dart slugs
  9 orcs
  3 endoplasms
  4 giant cockroaches
  6 goblins
  5 hobgoblins
  A quokka (D:2)
  4 ball pythons
  4 bats
  5 frilled lizards
  A kobold (D:2)
  3 rats
98 creatures vanquished.

Notes
Turn   | Place    | Note
-------+----------+-------------------------------------------
     0 | D:1      | Stomo444 the Demonspawn Gladiator began the quest for the
                  | Orb.
     0 | D:1      | Reached XP level 1. HP: 16/16 MP: 1/1
   245 | D:1      | Gained mutation: You regenerate a little health from kills.
                  | [demonic ancestry]
   245 | D:1      | Reached XP level 2. HP: 21/22 MP: 2/2
   817 | D:2      | Reached skill level 1 in Armour
   913 | D:2      | You fall into a shaft and drop 1 floor!
  1036 | D:3      | Found a radiant altar of Vehumet.
  1060 | D:3      | Found Paufior's Jewellery Shop.
  1071 | D:3      | Reached XP level 3. HP: 27/28 MP: 3/3
  1303 | D:3      | Gained mutation: You have large cloven feet. [demonic
                  | ancestry]
  1303 | D:3      | Reached XP level 4. HP: 32/34 MP: 4/4
  2513 | D:4      | Noticed an ogre
  2711 | D:4      | Reached XP level 5. HP: 34/41 MP: 5/5
  3041 | D:4      | Killed an ogre
  3108 | D:4      | Found Etasem's Distillery.
  3172 | D:4      | Gained mutation: You have hoof-like feet. [demonic
                  | ancestry]
  3172 | D:4      | Reached XP level 6. HP: 46/47 MP: 6/6
  3251 | D:5      | Entered Level 5 of the Dungeon
  3894 | D:5      | Gained mutation: A meltable shield of frost defends you.
                  | (SH +0) [demonic ancestry]
  3894 | D:5      | Reached XP level 7. HP: 54/54 MP: 7/7
  4151 | D:6      | Noticed a steam dragon
  5320 | D:6      | Reached skill level 5 in Fighting
  5320 | D:6      | Reached skill level 5 in Maces & Flails
  5320 | D:6      | Reached skill level 5 in Dodging
  5320 | D:6      | Gained mutation: A meltable icy envelope protects you from
                  | harm. (AC +0) [demonic ancestry]
  5320 | D:6      | Reached XP level 8. HP: 9/62 MP: 8/8
  6341 | D:7      | Found a staircase to the Ecumenical Temple.
  6353 | D:6      | Reached skill level 5 in Armour
  6530 | Temple   | Entered the Ecumenical Temple
  6812 | Temple   | Became a worshipper of Warmaster Okawaru
  6979 | D:7      | Gained mutation: You regenerate health from kills. [demonic
                  | ancestry]
  6979 | D:7      | Reached XP level 9. HP: 69/69 MP: 9/9
  7147 | D:7      | Noticed an eight-headed hydra
  7173 | D:8      | Noticed Gastronok
  7173 | D:8      | Noticed Psyche
  7175 | D:8      | Gained mutation: You are somewhat resistant to further
                  | mutation. [potion of mutation]
  7175 | D:8      | Gained mutation: You have a pair of small antennae on your
                  | head. [potion of mutation]
  7175 | D:8      | Gained mutation: Your spells are a little harder to cast,
                  | but a little more powerful. [potion of mutation]
  7183 | D:8      | HP: 2/66 [Gastronok/the air (18)]
  7185 | D:8      | Slain by Psyche

Illustrated notes

Levels and vault maps discovered:
D:1:      eino_arrival_water_cross, layout_basic
D:2:      layout_basic, serial_glass, glass_columns_a, glass_columns_c,
          hellmonk_ecumenical_altar_prayer_group
D:3:      layout_loops_cross, vehumet_crystals, serial_shops,
          nicolae_shop_trees, grunt_decor_fettered
D:4:      layout_gridville, serial_shops, nicolae_diamond_shop,
          minmay_curled_crystal, nrook_mini_backslash,
          chequers_serial_rivers_micro_b
D:5:      layout_gridville, minmay_strange_pillars, minmay_misc_feat_nine_boxes
D:6:      layout_cave_pods
D:7:      layout_cave_pools, minmay_temple_entry_wispy, grunt_potential
D:8:      layout_rooms, roderic_lattice_a, uniq_psyche, uniq_gastronok,
          uniq_grum
Temple:   nicolae_temple_the_god_donut

Skill      XL: |  1  2  3  4  5  6  7  8 |
---------------+-------------------------+-----
Maces & Flails | 3 4 5 6 |  6.1
Armour         | 1 2 3 4 5 |  5.3
Dodging        | 3 4 5 6 |  6.2
Fighting       | 3 4 5 6 |  6.3
Throwing       | |  1.7

Action                   |  1- 3 |  4- 6 |  7- 9 || total
-------------------------+-------+-------+-------++-------
Melee: Flail             |    96 |   111 |   169 ||   376
       Kick              |       |    40 |    63 ||   103
Throw: Stone             |       |    19 |    41 ||    60
       Throwing net      |       |     2 |       ||     2
  Use: Scroll            |       |     2 |     7 ||     9
       Potion            |       |     2 |     7 ||     9
 Stab: Held in net/web   |       |     1 |       ||     1
Armor: Leather armour    |    50 |    18 |       ||    68
       Scale mail        |       |    33 |    98 ||   131
Dodge: Dodged            |    58 |    68 |   121 ||   247
Block: Other             |       |       |    41 ||    41
